 Dungeon Crawl Stone Soup version 0.30-a0-462-gd5975efbca (webtiles) character file.

Game seed: 16594157682369555060

401 cforsyth the Ruffian (level 6, -8/62 HPs)
             Began as a Troll Fighter on Dec 16, 2022.
             Mangled by an iguana (13 damage)
             ... on level 4 of the Dungeon.
             The game lasted 00:04:30 (2487 turns).

cforsyth the Ruffian (Troll Fighter)                Turns: 2487, Time: 00:04:31

Health: -8/62      AC:  4    Str: 25      XL:     6   Next: 54%
Magic:  5/5        EV:  8    Int:  6      God:
Gold:   184        SH:  7    Dex:  6 (9)  Spells: 5/5 levels left

rFire   . . .      SeeInvis .      - Unarmed
rCold   . . .      Faith    .    b - +0 kite shield
rNeg    . . .      Spirit   .    a - +0 robe
rPois   .          Reflect  .    (helmet restricted)
rElec   .          Harm     .    (no cloak)
rCorr   .          Rampage  .    (gloves unavailable)
Will    .....                    (boots unavailable)
Stlth   +.........               (no amulet)
HPRegen 1.10/turn                (no ring)
MPRegen 0.09/turn                (no ring)

@: no status effects
A: large, unfitting armour, claws 3, regeneration 1, shaggy fur 1, tough skin 1
a: no special abilities


You were on level 4 of the Dungeon.
You visited 1 branch of the dungeon, and saw 4 of its levels.

You collected 184 gold pieces.

Inventory:

Missiles
 j - a throwing net (quivered)
Armour
 a - a +0 robe (worn)
 b - a +0 kite shield (worn)
Jewellery
 o - an amulet of faith
Scrolls
 d - 5 scrolls of teleportation {unknown}
 e - 2 scrolls of identify {unknown}
 g - a scroll of enchant armour {unknown}
 l - a scroll of noise {unknown}
 p - a scroll of amnesia {unknown}
 q - a scroll of poison {unknown}
Potions
 c - a potion of might
 f - 2 potions of degeneration {unknown}
 h - a potion of lignification {unknown}
 i - a potion of haste {unknown}
 k - a potion of attraction {unknown}
 m - a potion of brilliance {unknown}
 n - 2 potions of curing


   Skills:
 + Level 3.7 Fighting
 - Level 2.5 Dodging
 + Level 4.1 Shields
 * Level 5.1 Unarmed Combat


You had 5 spell levels left.
You didn't know any spells.
Your spell library contained the following spells:

 Spells                   Type           Power      Damage    Failure   Level
 Beastly Appendage        Tmut           0%         N/A       75%         1
 Wereblood                Tmut           0%         N/A       86%         2
 Spider Form              Tmut/Pois      0%         N/A       98%         3


Dungeon Overview and Level Annotations

Branches:
Dungeon (4/15)
 Temple: D:4-7

Altars:

Shops:
D:2 (


Innate Abilities, Weirdness & Mutations

You are too large for most types of armour.
You have claws for hands.
Your natural rate of healing is unusually fast.
You are covered in fur. (AC +1)
You have tough skin. (AC +1)


Message History

You block the iguana's attack. The quasit closely misses you. x2
The quasit claws you but does no damage.
You closely miss the quasit.
The quasit is heavily wounded.
The iguana barely misses you. The quasit barely misses you.
The quasit closely misses you.
The quasit claws you but does no damage.
You claw the quasit!
You kill the quasit!
You block the iguana's attack.
You closely miss the iguana. The iguana bites you!
You are too injured to fight recklessly!
You are too injured to fight recklessly!
You are too injured to fight recklessly!
You scratch the iguana but do no damage.
The iguana bites you.
You closely miss the iguana. The iguana bites you!
You closely miss the iguana. You block the iguana's attack.
You barely miss the iguana. The iguana bites you!
You claw the iguana!
The iguana is moderately wounded.
The iguana bites you.
You closely miss the iguana.
The iguana is moderately wounded.
The iguana bites you!
You scratch the iguana.
The iguana is heavily wounded.
You block the iguana's attack.
You closely miss the iguana.
The iguana is heavily wounded.
The iguana bites you!
* * * LOW HITPOINT WARNING * * *
You completely miss the iguana.
The iguana is heavily wounded.
The iguana bites you!
* * * LOW HITPOINT WARNING * * *
You closely miss the iguana.
The iguana is heavily wounded.
The iguana bites you!
You die...

#..~~..# ..
#.~~~..###### ...
#..~~...#$..##
...#..~~~P......#####
#.#.....♣...[.......
##..##...........### ##
....................##..
....#...l...............
#.$..@#...............
.....##.######....).....
..# #.# ##hh....... #.##
#......... ... #..##
#.#....#.. o) ...
##..### #.####.# # .o#
... ##>).# #.#....# #.o.
... ###)###...####
#..###.### #).....###


You could see an iguana.

Vanquished Creatures
  A scorpion (D:4)
  A quasit (D:4)
  2 iguanas
  An orc wizard (D:4)
  6 adders
  10 gnolls
  2 white imps (D:4)
  2 ufetubi (D:4)
  A dart slug (D:4)
  2 orcs
  4 bats
  6 endoplasms
  2 giant cockroaches
  6 goblins
  3 hobgoblins
  8 jackals
  2 kobolds (D:2)
  2 quokkas
  4 ball pythons
  A frilled lizard (D:2)
  3 rats (D:1)
69 creatures vanquished.

Vanquished Creatures (others)
  4 demonic plants (D:4)
4 creatures vanquished.

Grand Total: 73 creatures vanquished

Notes
Turn   | Place    | Note
-------+----------+-------------------------------------------
     0 | D:1      | cforsyth the Troll Fighter began the quest for the Orb.
     0 | D:1      | Reached XP level 1. HP: 22/22 MP: 0/0
   204 | D:1      | Reached XP level 2. HP: 29/29 MP: 1/1
   219 | D:1      | Found a faded altar of an unknown god.
   652 | D:2      | Reached XP level 3. HP: 36/36 MP: 2/2
   981 | D:1      | Reached skill level 3 in Unarmed Combat
  1119 | D:2      | Reached XP level 4. HP: 28/44 MP: 3/3
  1384 | D:2      | Found Ule Vuro's Weapon Shop.
  2068 | D:4      | Noticed a scorpion
  2188 | D:4      | Reached skill level 4 in Unarmed Combat
  2188 | D:4      | Reached XP level 5. HP: 53/53 MP: 4/4
  2282 | D:4      | Reached XP level 6. HP: 55/61 MP: 5/5
  2435 | D:4      | Reached skill level 5 in Unarmed Combat
  2487 | D:4      | Mangled by an iguana

Illustrated notes

Levels and vault maps discovered:
D:1:      lemuel_arrival_broad_hall, layout_basic,
          hellmonk_ecumenical_altar_lost_god
D:2:      layout_basic, serial_shops, nicolae_shop_advertising_works
          [nicolae_subvault_shop_adworks]
D:3:      layout_basic
D:4:      layout_rooms, serial_demonic, serial_demonic_c, serial_demonic_f,
          serial_demonic_f, serial_demonic_c

Skill      XL: |  1  2  3  4  5  6 |
---------------+-------------------+-----
Shields        | 3 4 |  4.1
Unarmed Combat | 3 4 5 |  5.1
Fighting       | 3 |  3.7
Dodging        | |  2.5

Action                   |  1- 3 |  4- 6 || total
-------------------------+-------+-------++-------
Melee: Unarmed           |    67 |   136 ||   203
Armor: Robe              |    25 |    30 ||    55
Dodge: Dodged            |    26 |    67 ||    93
Block: Kite shield       |    29 |    49 ||    78

Table legend: (Time is in decaauts)
 A = Elapsed time spent in this place.
 B = Non-inter-level travel time spent in this place.
 C = Inter-level travel time spent in this place.
 D = Time resting spent in this place.
 E = Time spent auto-exploring this place.
 F = Levels seen in this place.
 G = Mean time per level.
                   A        B        C        D        E       F      G
               +--------+--------+--------+--------+--------+-----+--------+
         Total |   2506 |   2446 |     60 |    154 |   1671 |   4 |  626.5 |
       Dungeon |   2506 |   2446 |     60 |    154 |   1671 |   4 |  626.5 |
               +--------+--------+--------+--------+--------+-----+--------+

Top non-repeatable levels by time:
     D:2: 843 daAuts
     D:1: 738 daAuts
     D:3: 602 daAuts
     D:4: 321 daAuts
